 Dungeon Sprint DCSS version 0.28.0-43-g3370ac3207 (webtiles) character file.

Game seed: 17147991191199757708

3651 boopmooplesden the Severer (level 9, -4/100 HPs)
             Began as a Minotaur Berserker on Mar 1, 2022.
             Was a High Priest of Trog.
             Slain by a tentacle (24 damage)
             ... attached to a kraken
             ... in the Dungeon (Sprint II: "The Violet Keep of Menkaure").
             The game lasted 00:02:43 (1645 turns).

boopmooplesden the Severer (Minotaur Berserker)     Turns: 1645, Time: 00:02:43

Health: -4/100     AC: 12    Str: 26    XL:     9   Next: 88%
Magic:  2/2        EV: 28    Int:  4    God:    Trog [*****.]
Gold:   127        SH:  0    Dex: 14    Spells: 8/8 levels left

rFire   + . .      SeeInvis .   i - +1 battleaxe (antimagic)
rCold   x . .      Faith    .   (shield currently unavailable)
rNeg    + + .      Spirit   .   j - +1 chain mail of the Hidden Vale {Harm Slay+3}
rPois   .          Reflect  .   (helmet unavailable)
rElec   .          Harm     +   (no cloak)
rCorr   .          Rampage  .   (no gloves)
Will    .....      NoTele   +   (no boots)
Stlth   ..........              k - amulet of Ereppes {Acrobat rF+ rC- rN++ Str+4}
HPRegen 0.26/turn               (no ring)
MPRegen 0.08/turn               (no ring)

@: acrobatic, very slow
A: horns 3, retaliatory headbutt
a: Renounce Religion, Berserk, Trog's Hand, Brothers in Arms


You were in the Dungeon.
You worshipped Trog.
Trog was extremely pleased with you.
You visited 1 branch You collected 1053 gold pieces.
You spent 926 gold pieces at shops.

Inventory:

Hand Weapons
 a - a +0 hand axe
 i - a +1 antimagic battleaxe (weapon)
Armour
 b - a +0 animal skin
 j - the +1 chain mail of the Hidden Vale (worn) {Harm Slay+3}
   (You bought it in a shop in the Dungeon)

   Slay:      It affects your accuracy & damage with ranged weapons and melee
   (+3).
   Harm:      It increases damage dealt and taken.
Jewellery
 k - the amulet of Ereppes (around neck) {Acrobat rF+ rC- rN++ Str+4}
   (You bought it in a shop in the Dungeon)

   [amulet of the acrobat]

   It increases your evasion while moving and waiting.
   Str:       It affects your strength (+4).
   rF:        It protects you from fire.
   rC:        It makes you vulnerable to cold.
   rN:        It greatly protects you from negative energy.
Scrolls
 h - a scroll of blinking
Potions
 c - a potion of curing
 d - a potion of heal wounds
 e - a potion of haste
 f - 2 potions of magic
 g - a potion of berserk rage


   Skills:
 + Level 16.2 Fighting
 + Level 17.7 Axes
 + Level 8.7 Armour
 + Level 9.8 Dodging
 + Level 2.3 Stealth


You had 8 spell levels left.
You didn't know any spells.
Your spell library was empty.

Dungeon Overview and Level Annotations

Branches:
Dungeon (1/1)

Altars:
Cheibriados
Dithmenos
Elyvilon
Fedhas
Gozag
Kikubaaqudgha
Makhleb
Nemelex Xobeh
Okawaru
Sif Muna
Trog
Uskayaw
Vehumet
Yredelemnul
Zin
Beogh
Jiyva
Lugonu

Shops:
D :[((=![=[??!:!*

Annotations:
D exclusion: oklob plant


Innate Abilities, Weirdness & Mutations

You have a pair of large horns on your head.
You reflexively headbutt those who attack you in melee.


Message History

The tentacle is almost dead.
The tentacle slaps you.
The tentacle slaps you but does no damage.
You closely miss the tentacle.
The tentacle is almost dead.
The tentacle slaps you but does no damage.
Your unstable footing causes you to fumble your attack.
The tentacle slaps you but does no damage.
The tentacle slaps you!
You slice the tentacle!!
You kill the tentacle!
The tentacle closely misses you.
Your unstable footing causes you to fumble your attack.
The tentacle completely misses you.
You slice the tentacle!! You headbutt the tentacle!
The tentacle is almost dead.
The tentacle closely misses you.
Your unstable footing causes you to fumble your attack.
The tentacle slaps you!!
The tentacle slaps you but does no damage.
You barely miss the tentacle.
The tentacle is almost dead.
The tentacle barely misses you.
You barely miss the tentacle.
The tentacle is almost dead.
The kraken squirts a massive cloud of ink into the water!
The tentacle barely misses you.
You slice the tentacle!!
You kill the tentacle!
You completely miss the tentacle. Your headbutt misses the tentacle.
The tentacle slaps you!!
* * * LOW HITPOINT WARNING * * *
Your unstable footing causes you to fumble your attack.
The tentacle slaps you.
* * * LOW HITPOINT WARNING * * *
Tentacles burst out of the water!
The tentacle slaps you.
* * * LOW HITPOINT WARNING * * *
The tentacle slaps you but does no damage.
The tentacle slaps you!!
You die...

# +.##. °▓($$?(($)▓▓ #
...####▓)[?$)??!▓▓ ##
#..##.#▓)((!$$([▓▓ .#
+..#..#▓$[[[[?!)▓▓ .#
#..#.†#▓!!|$$(!)▓▓
.####^^##)#▓()($!)$$▓▓
...###...##▓▓▓▓▓▓▓Λ▓▓▓▓+▓
.....≈≈≈≈≈≈÷≈≈≈≈@w.──X§≈▓
§..§.≈#+########§###www≈▓
§≈§..≈#_._.....#§§≈# §≈▓
§≈≈§.§#._._....#§≈§≈# ▓
§≈≈≈§≈#_._._...#§§§§§#
≈§≈≈≈§#._._._..#§§§§§≈#
≈≈≈§≈≈#_._._._.#§§§§≈§+
≈###≈≈#._._._._#≈≈§§≈≈#


You could see a kraken and 3 tentacles.

Vanquished Creatures
  2 boulder beetles (D)
  A yaktaur (D)
  3 polar bears (D)
  A hornet (D)
  4 neqoxecs (D)
  Menkaure (D)
  4 water moccasins (D)
  4 necrophages (D)
  A hell rat (D)
  3 worms (D)
  4 tentacles (D)
28 creatures vanquished.

Vanquished Creatures (others)
  16 tentacles (D)
16 creatures vanquished.

Grand Total: 44 creatures vanquished

Notes
Turn   | Place    | Note
-------+----------+-------------------------------------------
     0 | D        | boopmooplesden the Minotaur Berserker began the quest for
                  | the Orb.
     0 | D        | Reached XP level 1. HP: 19/19 MP: 0/0
     8 | D        | Reached skill level 4 in Axes
    12 | D        | HP: 1/20 [worm (3)]
    16 | D        | Reached ** piety under Trog
    17 | D        | Reached XP level 2. HP: 4/28 MP: 1/1
   291 | D        | Noticed a necrophage
   291 | D        | Noticed a necrophage
   291 | D        | Noticed a necrophage
   291 | D        | Noticed a necrophage
   297 | D        | Killed a necrophage
   298 | D        | Reached skill level 7 in Axes
   298 | D        | Reached XP level 3. HP: 33/39 MP: 2/2
   298 | D        | Reached XP level 4. HP: 40/47 MP: 3/3
   300 | D        | Killed a necrophage
   301 | D        | Reached skill level 9 in Axes
   301 | D        | Reached XP level 5. HP: 48/56 MP: 4/4
   304 | D        | Killed a necrophage
   305 | D        | Reached skill level 10 in Axes
   305 | D        | Reached skill level 5 in Armour
   305 | D        | Reached skill level 5 in Dodging
   305 | D        | Reached XP level 6. HP: 52/64 MP: 5/5
   307 | D        | Reached *** piety under Trog
   308 | D        | Reached skill level 10 in Fighting
   308 | D        | Reached skill level 11 in Axes
   541 | D        | Noticed a neqoxec
   541 | D        | Noticed a neqoxec
   545 | D        | Killed a neqoxec
   546 | D        | Reached skill level 12 in Axes
   550 | D        | Killed a neqoxec
   551 | D        | Reached XP level 7. HP: 74/74 MP: 6/6
   553 | D        | Noticed a neqoxec
   554 | D        | Noticed a neqoxec
   554 | D        | Gained mutation: You have a pair of large horns on your
                  | head. [a neqoxec]
   565 | D        | Killed a neqoxec
   566 | D        | Reached skill level 13 in Axes
   567 | D        | Killed a neqoxec
   567 | D        | Reached **** piety under Trog
   568 | D        | Reached skill level 1 in Stealth
   781 | D        | Noticed a boulder beetle
   781 | D        | Noticed a boulder beetle
   789 | D        | Killed a boulder beetle
   790 | D        | Reached skill level 15 in Axes
   790 | D        | Reached XP level 8. HP: 88/88 MP: 7/7
   803 | D        | Killed a boulder beetle
   804 | D        | Reached skill level 16 in Axes
   804 | D        | Reached XP level 9. HP: 43/96 MP: 8/8
  1047 | D        | Found Wuycaunu's Jewellery Shoppe.
  1047 | D        | Found Siad's Distillery.
  1047 | D        | Found Fesaiqeit's Distillery.
  1047 | D        | Found Ogeg's Antique Armour Emporium.
  1047 | D        | Found Mededd's Magic Scroll Emporium.
  1048 | D        | Found Naxymorgh's General Store.
  1048 | D        | Found Papucemo's Magic Scroll Shoppe.
  1048 | D        | Found Plog's Armour Emporium.
  1048 | D        | Found Zeny's Jewellery Shoppe.
  1048 | D        | Found Ykkiri's Antique Weapon Emporium.
  1049 | D        | Found Onlepluall's Antique Weapon Shoppe.
  1049 | D        | Found Zawentil's Book Shoppe.
  1049 | D        | Found Urualoi's Distillery.
  1049 | D        | Found Fab Pin's Antique Armour Emporium.
  1049 | D        | Noticed Menkaure
  1115 | D        | Noticed an oklob plant
  1117 | D        | Killed Menkaure
  1117 | D        | Reached ***** piety under Trog
  1126 | D        | Received a gift from Trog
  1133 | D        | Found Disuq's Book Shoppe.
  1140 | D        | Bought a translucent chain mail for 256 gold pieces
  1140 | D        | Identified the +1 chain mail of the Hidden Vale {Harm
                  | Slay+3} (You bought it in a shop in the Dungeon)
  1150 | D        | Noticed a shining eye
  1164 | D        | Noticed a death yak
  1171 | D        | Bought the amulet of Ereppes {Acrobat rF+ rC- rN++ Str+4}
                  | for 670 gold pieces
  1196 | D        | Found an iron altar of Okawaru.
  1196 | D        | Found a radiant altar of Vehumet.
  1196 | D        | Found a glowing silver altar of Zin.
  1197 | D        | Found a sparkling altar of Nemelex Xobeh.
  1197 | D        | Found a hide-covered altar of Uskayaw.
  1197 | D        | Found a basalt altar of Yredelemnul.
  1198 | D        | Found an opulent altar of Gozag.
  1198 | D        | Found a burning altar of Makhleb.
  1198 | D        | Found a bloodstained altar of Trog.
  1199 | D        | Found a blossoming altar of Fedhas.
  1199 | D        | Found a corrupted altar of Lugonu.
  1199 | D        | Found a shimmering blue altar of Sif Muna.
  1200 | D        | Found a white marble altar of Elyvilon.
  1200 | D        | Found an ancient bone altar of Kikubaaqudgha.
  1201 | D        | Found a shadowy altar of Dithmenos.
  1201 | D        | Found a viscous altar of Jiyva.
  1202 | D        | Found a snail-covered altar of Cheibriados.
  1203 | D        | Noticed a polar bear
  1203 | D        | Noticed a polar bear
  1210 | D        | Killed a polar bear
  1210 | D        | Noticed a yaktaur
  1211 | D        | Reached skill level 15 in Fighting
  1217 | D        | Killed a polar bear
  1218 | D        | Noticed a polar bear
  1221 | D        | Reached skill level 17 in Axes
  1222 | D        | Killed a yaktaur
  1226 | D        | Killed a polar bear
  1226 | D        | Received a gift from Trog
  1254 | D        | Noticed a kraken
  1645 | D        | Slain by a tentacle

Illustrated notes

Levels and vault maps discovered:
D:        the_violet_keep_of_menkaure [sprint2_stairs_cluster_1,
          sprint2_shoproom, sprint2_temple, sprint2_basic_supplies,
          sprint2_obstacle_4, sprint2_obstacle_3, sprint2_obstacle_6,
          sprint2_obstacle_5, sprint2_obstacle_7, sprint2_timed_cluster_1,
          sprint2_smallroom_cluster_1, sprint2_smallroom_final_cluster_1,
          sprint2_transparent_cluster_1, sprint2_second_timed_cluster_1,
          sprint2_sniper_area_1, sprint2_heavy_combat_area_1,
          sprint2_mutation_trap_area_1, sprint2_forest_area_1,
          sprint2_light_combat_area_1, sprint2_behind_water_1,
          sprint2_near_end_vault_1]

Skill      XL: |  1  2  3  4  5  6  7  8  9 |
---------------+----------------------------+-----
Fighting       | 4 7 8 9 11 13 14 16 | 16.2
Axes           | 4 7 9 10 12 15 16 17 | 17.7
Armour         | 4 5 6 7 8 |  8.7
Dodging        | 3 4 5 6 8 9 |  9.8
Stealth        | 1 2 |  2.3

Action                   |  1- 3 |  4- 6 |  7- 9 || total
-------------------------+-------+-------+-------++-------
Melee: Hand axe          |    13 |    18 |    34 ||    65
       Headbutt          |     5 |     2 |    23 ||    30
       Punch             |       |       |     2 ||     2
       Battleaxe         |       |       |    53 ||    53
Invok: Berserk           |     2 |     1 |     2 ||     5
Armor: Animal skin       |     1 |     1 |     1 ||     3
       Chain mail        |       |       |    25 ||    25
Dodge: Dodged            |     4 |     3 |    51 ||    58
